 Dungeon Crawl Stone Soup version 0.29.1-1-gd02db69 (webtiles) character file.

Game seed: 14447601795467694236

808 Timinator the Insei (level 7, -2/42 (57) HPs)
             Began as a Demigod Transmuter on Dec 20, 2022.
             Slain by Edmund
             ... wielding a +0 flail of draining
              (7 damage)
             ... on level 4 of the Dungeon.
             The game lasted 00:22:02 (4201 turns).

Timinator the Insei (Demigod Transmuter)            Turns: 4201, Time: 00:22:03

HP:   -2/42 (57)    AC:  6    Str: 15    XL:     7   Next: 34%
MP:   14/14         EV: 12    Int: 15    God:
Gold: 196           SH:  0    Dex: 18    Spells: 9/11 levels left

rFire   . . .      SeeInvis .     - Unarmed
rCold   . . .      Faith    .   f - orb {light}
rNeg    . . .      Spirit   .   c - +0 ring mail
rPois   .          Reflect  .   r - +0 helmet
rElec   .          Harm     .   (no cloak)
rCorr   .          Rampage  .   (no gloves)
Will    .....                   (no boots)
Stlth   +.........              (no amulet)
HPRegen 0.14/turn               (no ring)
MPRegen 0.14/turn               (no ring)

@: mighty, wereblooded (expiring), glowing, very heavily drained
A: high MP 1, forlorn, divine attributes
a: no special abilities


You were on level 4 of the Dungeon.
You visited 1 branch of the dungeon, and saw 4 of its levels.

You collected 196 gold pieces.

Inventory:

Missiles
 i - 2 silver boomerangs (quivered)
 l - 2 javelins
Armour
 c - a +0 ring mail (worn)
 e - a +0 leather armour
 f - an orb of light (worn)
 r - a +0 helmet (worn)
Jewellery
 h - a ring of ice
Wands
 b - a wand of flame (30)
 p - a wand of light (3)
Scrolls
 a - a scroll of enchant weapon
 d - 3 scrolls of teleportation
 g - 2 scrolls of blinking
 j - a scroll of amnesia
 m - 2 scrolls of identify
 o - a scroll of vulnerability {unknown}
 q - a scroll of noise {unknown}
 s - a scroll of magic mapping {unknown}
 t - a scroll of enchant armour {unknown}
Potions
 k - a potion of resistance


   Skills:
 * Level 3.0 Fighting
 - Level 3.0 Armour
 * Level 3.2 Dodging
 + Level 4.9 Unarmed Combat
 + Level 2.7 Spellcasting
 * Level 3.6 Transmutations


You had 9 spell levels left.
You knew the following spells:

 Your Spells              Type           Power      Damage    Failure   Level
a - Wereblood             Tmut           12%        N/A       14%         2

Your spell library contained the following spells:

 Spells                   Type           Power      Damage    Failure   Level
 Beastly Appendage        Tmut           24%        N/A       9%          1
 Sting                    Tmut/Pois      28%        1d4       19%         1
 Shock                    Conj/Air       8%         1d3       36%         1
 Spider Form              Tmut/Pois      7%         N/A       50%         3
 Poisonous Vapours        Pois/Air       4%         N/A       52%         2
 Swiftness                Air            2%         N/A       75%         3
 Ice Form                 Ice/Tmut       7%         N/A       88%         4
 Airstrike                Air            1%         2d(1-17)  98%         4
 Olgreb's Toxic Radiance  Pois           2%         N/A       98%         4
 Borgnjor's Revivificati  Necr           1%         N/A       100%        8
 Necromutation            Tmut/Necr      3%         N/A       100%        8
 Death's Door             Necr           1%         N/A       100%        9


Dungeon Overview and Level Annotations

Branches:
Dungeon (4/15)
 Temple: D:4-7

Annotations:
D:3 1 runed translucent door, Crazy Yiuf
D:4 Edmund


Innate Abilities, Weirdness & Mutations

You have an increased reservoir of magic. (+10% MP)
You shall have no god before yourself.
Your divine heritage dramatically boosts your attributes as you level up.


Message History

Edmund barely misses you.
You hit Edmund.
Edmund is heavily wounded.
Edmund hits you with a +0 flail of draining.
You feel drained.
You hit Edmund but do no damage.
Edmund is heavily wounded.
Edmund hits you with a +0 flail of draining.
You feel drained.
You completely miss Edmund.
Edmund is heavily wounded.
Edmund hits you but does no damage.
You feel drained.
It was a potion of might.
You feel very mighty all of a sudden. Edmund completely misses you.
You punch Edmund!
Edmund is severely wounded.
Edmund barely misses you.
You punch Edmund!
Edmund is almost dead.
Edmund misses you.
You hit Edmund.
Edmund is almost dead.
Your primal bloodlust is almost over.
Edmund hits you with a +0 flail of draining.
* * * LOW HITPOINT WARNING * * *
You feel drained.
* * * LOW HITPOINT WARNING * * *
You barely miss Edmund.
Edmund is almost dead.
Edmund closely misses you.
You hit Edmund.
Edmund is almost dead.
Edmund hits you with a +0 flail of draining.
* * * LOW HITPOINT WARNING * * *
You feel drained.
You completely miss Edmund.
Edmund is almost dead.
Edmund hits you with a +0 flail of draining!
You die...

### ########## #..
#........#### #.#
#.@.......#######.#
#..@#.##.##.........#
#..##.##..........>..
#.#.
#.#####...####.## # .
#.# #.......... ##
#.# ##..####.##
..######..# #.#
##........# #.#
#.#####.#####.##


You could see Edmund.

Vanquished Creatures
  Grinder (D:3)
  Sigmund (D:4)
  An ogre (D:4)
  2 scorpions (D:4)
  An orc priest (D:4)
  An iguana (D:4)
  Terence (D:3)
  An orc wizard (D:3)
  4 adders
  A gnoll (D:3)
  A worm (D:3)
  6 orcs
  9 ball pythons
  8 bats
  10 endoplasms
  9 giant cockroaches
  3 goblins
  8 hobgoblins
  6 jackals
  5 quokkas
  3 frilled lizards
  6 kobolds
  7 rats
95 creatures vanquished.

Notes
Turn   | Place    | Note
-------+----------+-------------------------------------------
     0 | D:1      | Timinator the Demigod Transmuter began the quest for the
                  | Orb.
     0 | D:1      | Reached XP level 1. HP: 15/15 MP: 5/5
   134 | D:1      | Reached skill level 1 in Fighting
   283 | D:1      | Reached XP level 2. HP: 23/23 MP: 7/7
   383 | D:1      | Learned a level 2 spell: Wereblood
   596 | D:1      | Reached skill level 3 in Unarmed Combat
  1338 | D:2      | Reached XP level 3. HP: 14/28 MP: 8/8
  1832 | D:3      | Noticed Grinder
  1833 | D:3      | Paralysed by Grinder for 3 turns
  1844 | D:3      | Killed Grinder
  1845 | D:3      | Reached XP level 4. HP: 36/36 MP: 8/10
  1845 | D:3      | Reached XP level 5. HP: 41/41 MP: 8/11
  2325 | D:3      | Reached XP level 6. HP: 48/48 MP: 10/12
  2346 | D:3      | Reached skill level 4 in Unarmed Combat
  2565 | D:3      | Found a runed translucent door.
  2566 | D:3      | Noticed Crazy Yiuf
  2568 | D:3      | Identified the +0 hammer of the Shore {freeze, rPois Int+4}
  2617 | D:3      | Noticed Terence
  2641 | D:3      | Killed Terence
  2903 | D:4      | Noticed Sigmund
  3072 | D:4      | Killed Sigmund
  3270 | D:4      | HP: 2/50 [poisoned by a scorpion]
  3334 | D:4      | Reached XP level 7. HP: 49/56 MP: 11/14
  4177 | D:4      | Noticed Edmund
  4201 | D:4      | Slain by Edmund

Illustrated notes

Levels and vault maps discovered:
D:1:      dreamdust_arrival_sigmund_warning, layout_basic,
          hellmonk_ecumenical_altar_blasted, minmay_cut_off
D:2:      layout_rooms, basic_altar, minmay_misc_feat_enclosed, minmay_circle_x
D:3:      layout_rooms, gammafunk_temple_overflow_elements,
          minmay_close_crescents, uniq_terence, uniq_grinder,
          uniq_crazy_yiuf_cottage
D:4:      layout_loops_ring, chequers_temple_overflow_minitemple,
          chequers_decorated_corner, wad_rectangle_vault, uniq_edmund,
          uniq_sigmund

Skill      XL: |  1  2  3  4  5  6  7 |
---------------+----------------------+-----
Fighting       | 1 2 3 |  3.0
Transmutations | 2 3 |  3.6
Unarmed Combat | 3 4 |  4.9
Spellcasting   | 2 |  2.7
Armour         | 2 3 |  3.0
Dodging        | 2 3 |  3.2

Action                   |  1- 3 |  4- 6 |  7- 9 || total
-------------------------+-------+-------+-------++-------
Melee: Unarmed           |    99 |   133 |    74 ||   306
       Kick              |    14 |    14 |       ||    28
       Headbutt          |    10 |     5 |       ||    15
       Punch             |     1 |       |       ||     1
 Cast: Beastly Appendage |    23 |    12 |       ||    35
       Wereblood         |     1 |     6 |     4 ||    11
  Use: Potion            |     1 |     4 |     1 ||     6
       Scroll            |       |     6 |       ||     6
Armor: Leather armour    |    11 |    14 |       ||    25
       Robe              |     2 |       |       ||     2
       Skin              |    11 |     1 |       ||    12
       Ring mail         |       |    20 |    13 ||    33
Dodge: Dodged            |    71 |    85 |    32 ||   188
